[Event "*** MasterClass Titled Tuesday Blitz"]
[Site "Chess.com"]
[Date "2017.10.03"]
[Round "6"]
[White "eldur16"]
[Black "ka1ser64"]
[Result "1-0"]
[WhiteElo "2475"]
[BlackElo "2318"]
[TimeControl "180+2"]
[EndTime "14:22:47 PDT"]
[Termination "eldur16 won by resignation"]

1. c4 e6 2. Nc3 d5 3. d4 Nf6 4. cxd5 exd5 5. Bg5 Be7 6. e3 O-O 7. Qc2 Nbd7 8. Bd3 h6 9. Bh4 c6 10. Nge2 Re8 11. O-O-O Ne4 12. Bxe7 Qxe7 13. Nxe4 dxe4 14.
Bc4 Nb6 15. Bb3 Bg4 16. Kb1 a5 17. a3 a4 18. Ba2 Be6 19. Bxe6 Qxe6 20. Nf4 Qc4 21.
Rc1 Qb5 22. Qc5 Ra5 23. Qxb5 Rxb5 24. Ka2 g5 25. Nh5 Re6 26. h4 Rg6 27. hxg5 hxg5 28.
g4 f5 29. Ng3 f4 30. Nxe4 fxe3 31. fxe3 Re6 32. Nc3 Ra5 33. e4 Nc4 34. Rh5 Rf6 35. e5 Rf2 36. Rxg5+ Kf7 37. Rf5+ Rxf5 38. gxf5 c5 39.
e6+ Kf6 40. dxc5 Kxf5 41. e7 Ra8 42. Nd5 Re8 43. Rxc4 1-0

[Event "*** MasterClass Titled Tuesday Blitz"]
[Site "Chess.com"]
[Date "2017.10.03"]
[Round "6"]
[White "RaphaeI"]
[Black "Aygehovit1992"]
[Result "1-0"]
[WhiteElo "2425"]
[BlackElo "2433"]
[TimeControl "180+2"]
[EndTime "14:22:49 PDT"]
[Termination "RaphaeI won by resignation"]

1. Nf3 d5 2. g3 Nc6 3. Bg2 e5 4. d3 Nf6 5. O-O Be7 6. c4 O-O 7. cxd5 Nxd5 8. Nc3 Nb6 9. a3 a5 10. Be3 Be6 11. Rc1 Qd7 12. Na4 Nxa4 13. Qxa4 Bf6 14. Qb5 Nd4 15. Nxd4 exd4 16. Qxd7 Bxd7 17. Rxc7 Bg4 18. f3 dxe3 19. fxg4 Bxb2 20. a4 Rac8 21. Rxb7 Rc2 22. Bd5 g6 23. Rfxf7 Rxf7 24. Rxf7 Kh8 25. Kf1 Rc1+ 26. Kg2 Ra1 27. Bb3 Ra3 28. Rb7 Bc3 29. g5 h6 30. gxh6 Bb4 31. Bf7 Kh7 32. Be8+ Kxh6 33. Rb6 Kg7 34. Rxg6+ Kh7 35. Re6 Bd2 36. Bb5 Ra1 37. d4 Kg7 38. d5 Kf7 39. Be8+ Kf8 40. d6 Rd1 41. Bb5 1-0

[Event "*** MasterClass Titled Tuesday Blitz"]
[Site "Chess.com"]
[Date "2017.10.03"]
[Round "6"]
[White "Oleksandr_Bortnyk"]
[Black "Mbneu"]
[Result "1-0"]
[WhiteElo "2818"]
[BlackElo "2208"]
[TimeControl "180+2"]
[EndTime "14:23:05 PDT"]
[Termination "Oleksandr_Bortnyk won by resignation"]

1. e4 e5 2. Nf3 Nc6 3. Bb5 f5 4.
d3 fxe4 5. dxe4 Nf6 6. Qd3 Bc5 7. Bg5 d6 8. O-O O-O 9. Bxc6 bxc6 10. Nxe5 Qe8 11.
Bxf6 Rxf6 12. Nf3 a5 13. Nbd2 Ba6 14. c4 Qh5 15. e5 Rf4 16. g3 Bxc4 17. Nxc4 Rxf3 18.
Ne3 Qxe5 19. Qc4+ Kh8 20. Ng4 Qf5 21. Rae1 Rf8 22. Qe4 Qxe4 23. Rxe4 h5 24. Ne3 Bxe3 25. Rxe3 Rxe3 26. fxe3 Rxf1+ 27. Kxf1 g5 28. a4 Kg7 29. b4 axb4 30. Ke2 1-0

[Event "*** MasterClass Titled Tuesday Blitz"]
[Site "Chess.com"]
[Date "2017.10.03"]
[Round "6"]
[White "Too_Stupid_To_Play"]
[Black "nutibara"]
[Result "0-1"]
[WhiteElo "2148"]
[BlackElo "2287"]
[TimeControl "180+2"]
[EndTime "14:23:10 PDT"]
[Termination "nutibara won by resignation"]

1. Nf3 d5 2. c4 d4 3. g3 c5 4.
Bg2 Nc6 5. O-O e5 6. d3 f6 7.
e3 Bg4 8. exd4 cxd4 9. Re1 Qd7 10. Na3 Bd6 11. Nc2 Nge7 12. a3 a5 13. Bd2 Rb8 14. b4 axb4 15. axb4 b5 16. cxb5 Rxb5 17. Na3 Rb8 18.
b5 Na7 19. b6 Nac8 20. Nc4 Nxb6 21. Nxd6+ Qxd6 22. Ra6 O-O 23. Ba5 Ned5 24. Qb3 Be6 25. Nxd4 exd4 26. Rxe6 Qxe6 27. Bxd5 Qxd5 28. Rxb6 Qxb3 0-1

[Event "*** MasterClass Titled Tuesday Blitz"]
[Site "Chess.com"]
[Date "2017.10.03"]
[Round "6"]
[White "manubibi"]
[Black "Taron_Shagbazyan"]
[Result "0-1"]
[WhiteElo "2348"]
[BlackElo "2504"]
[TimeControl "180+2"]
[EndTime "14:23:19 PDT"]
[Termination "Taron_Shagbazyan won by checkmate"]

1. e4 e5 2. Nf3 Nf6 3. Nxe5 d6 4. Nf3 Nxe4 5. d4 d5 6. Bd3 Bd6 7. O-O O-O 8. c4 c6 9. Nc3 Nxc3 10. bxc3 h6 11. Re1 Be6 12. cxd5 cxd5 13. Rb1 b6 14.
Bc2 Nd7 15. Qd3 Nf6 16. Ne5 Qc7 17. Bf4 Rac8 18. Re3 Rfe8 19. Rbe1 Ne4 20. c4 Nf6 21. Rg3 Kf8 22. Qf3 Qd8 23. Bxh6 gxh6 24. Qf4 Ke7 25. Rg7 Bxe5 26. dxe5 Rxc4 27. Qxf6+ Kd7 28. Rxf7+ Bxf7 29. Qxf7+ Kc8 30. Bf5+ Kb8 31. e6 Rc7 32. Qg6 d4 33. Qxh6 Qd5 34. Qf4 d3 35. Rc1 Re7 36.
Rxc7 Rxc7 37. e7 Qf7 38. Bxd3 Qxf4 39. e8=Q+ Rc8 40. Qe4 Qxe4 41. Bxe4 Rc1# 0-1

[Event "*** MasterClass Titled Tuesday Blitz"]
[Site "Chess.com"]
[Date "2017.10.03"]
[Round "6"]
[White "Superfelix"]
[Black "Rodalquilar"]
[Result "1-0"]
[WhiteElo "2322"]
[BlackElo "2500"]
[TimeControl "180+2"]
[EndTime "14:23:23 PDT"]
[Termination "Superfelix won on time"]

1. e4 c5 2. Nf3 Nc6 3. Bb5 g6 4.
Bxc6 dxc6 5. h3 Bg7 6. d3 Nf6 7. Be3 Nd7 8. Nc3 e5 9. Qd2 h6 10. a3 Qe7 11. O-O Nf8 12. b4 Ne6 13. bxc5 Nxc5 14.
d4 exd4 15. Bxd4 O-O 16. Rfe1 Rd8 17. Qe3 Ne6 18. Bxg7 Kxg7 19. Na4 b5 20. Nb2 Qc5 21. Qb3 Nf4 22. Nd3 Nxd3 23. cxd3 Be6 24. Qb2+ Kh7 25. Rac1 Qh5 26. Qf6 Rxd3 27. Rxc6 Re8 28. Rc7 Kg8 29. Ne5 Rd1 30. Nxf7 Rxe1+ 31. Kh2 1-0

[Event "*** MasterClass Titled Tuesday Blitz"]
[Site "Chess.com"]
[Date "2017.10.03"]
[Round "6"]
[White "evgenysharapov"]
[Black "51616516516"]
[Result "1-0"]
[WhiteElo "2259"]
[BlackElo "2057"]
[TimeControl "180+2"]
[EndTime "14:23:24 PDT"]
[Termination "evgenysharapov won on time"]

1. e4 c5 2. Nf3 g6 3. d4 cxd4 4. Nxd4 Nc6 5. c4 Bg7 6. Be3 Nf6 7. Nc3 O-O 8. Be2 d6 9. O-O Bd7 10. Qd2 Nxd4 11. Bxd4 Bc6 12. f3 a5 13. b3 Nd7 14.
Be3 Nc5 15. Rab1 Qb6 16. Rfc1 Qb4 17. Nd5 Bxd5 18. cxd5 Rfc8 19. Rc4 Qxd2 20. Bxd2 b5 21. Rc2 Bd4+ 22. Kf1 Kg7 23. Bxb5 Nxe4 24. Bc6 Nxd2+ 25. Rxd2 Bc3 26. Rd3 Be5 27. Bxa8 Rxa8 28. g3 Rc8 29.
f4 Bf6 30. Ke2 h5 31. Kd2 Rc5 32. Rc1 Rb5 33. Rc4 Bb2 34. Kc2 Ba3 35. h3 Kf6 36. Kd2 Bb4+ 37. Ke3 Ba3 38. Ke4 Bb2 39. g4 hxg4 40.
hxg4 g5 41. f5 Ba3 42. Rd2 Bc1 43. Rxc1 1-0

[Event "*** MasterClass Titled Tuesday Blitz"]
[Site "Chess.com"]
[Date "2017.10.03"]
[Round "6"]
[White "rickkrewson"]
[Black "timator"]
[Result "0-1"]
[WhiteElo "1774"]
[BlackElo "2397"]
[TimeControl "180+2"]
[EndTime "14:23:26 PDT"]
[Termination "timator won on time"]

1. Nf3 Nf6 2. e3 g6 3. b3 Bg7 4. Bb2 O-O 5. Be2 b6 6. O-O Bb7 7. d4 d5 8. c4 e6 9. Nc3 c6 10. Rc1 Nbd7 11. Re1 h6 12. h3 Rc8 13. Bd3 Re8 14.
e4 dxe4 15. Nxe4 Nxe4 16. Bxe4 Qc7 17. Qe2 g5 18. Rcd1 Rcd8 19. Bb1 Nf8 20. Ne5 Bxe5 21. dxe5 c5 22. Be4 Bxe4 23. Qxe4 Ng6 24. g3 Rxd1 25.
Rxd1 Rd8 26. Rd3 Kg7 27. Rd6 Kf8 28. Qd3 Ke7 29. Rxd8 Qxd8 30. Qxd8+ Kxd8 31. Kg2 Ke7 32. Kf3 h5 33. Ke4 a6 34. Bc1 f6 35. exf6+ Kxf6 36. Bb2+ Ke7 37. Be5 g4 38. hxg4 hxg4 39. a3 Kd7 40. b4 cxb4 41. axb4 Kc6 42. Bd4 a5 43. bxa5 bxa5 44. f3 gxf3 45. Kxf3 e5 46. Bc3 a4 47. Ke4 Kc5 48. Kf5 Kxc4 49. Ba1 a3 50.
Kxg6 e4 51. Kf5 e3 0-1

[Event "*** MasterClass Titled Tuesday Blitz"]
[Site "Chess.com"]
[Date "2017.10.03"]
[Round "6"]
[White "Andrjywa"]
[Black "Gabrielian_Artur"]
[Result "0-1"]
[WhiteElo "2342"]
[BlackElo "2565"]
[TimeControl "180+2"]
[EndTime "14:23:28 PDT"]
[Termination "Gabrielian_Artur won by resignation"]

1. e4 e5 2. Nf3 Nc6 3. d4 exd4 4.
c3 d3 5. Bxd3 d6 6. O-O Be7 7.
Nbd2 Nf6 8. Nd4 O-O 9. Nxc6 bxc6 10. Nf3 Nd7 11. Bf4 Rb8 12. b3 Bf6 13. Qb1 Bxc3 14.
Qc2 Bxa1 15. Rxa1 Qf6 16. Qc1 Nc5 17. Bc2 Bg4 18. e5 Qe7 19. Ng5 h6 20. Nh7 Rfe8 21. Bxh6 Qxe5 22. Bf4 Qd5 23. Ng5 Bf5 24. h3 f6 25. Nf3 Bxc2 26. Qxc2 Rb4 27. Bd2 Rbe4 28. Rd1 Qe6 29. b4 Nd7 30. Qxc6 Rc4 31. Qb7 Qe4 32.
Qxa7 Ra8 33. Qe3 Qxe3 34. Bxe3 Rxb4 35. Rd2 Rba4 36. Rc2 c5 37. Rd2 R8a6 38. Bf4 Ne5 39. Bxe5 fxe5 40. Ng5 Rxa2 41. Rd3 c4 42. Rd5 R2a5 0-1

[Event "*** MasterClass Titled Tuesday Blitz"]
[Site "Chess.com"]
[Date "2017.10.03"]
[Round "6"]
[White "Kouzari"]
[Black "Buffy7"]
[Result "1-0"]
[WhiteElo "2541"]
[BlackElo "2458"]
[TimeControl "180+2"]
[EndTime "14:23:28 PDT"]
[Termination "Kouzari won by resignation"]

1. d4 f5 2. c4 d6 3. Nc3 Nf6 4. h4 c6 5. h5 e5 6. Bg5 h6 7.
Bh4 Be7 8. Nf3 e4 9. Nd2 e3 10. Nf3 Ng4 11. fxe3 O-O 12. Qd3 Bxh4+ 13. Rxh4 Qg5 14. g3 Nxe3 15. Kf2 Ng4+ 16. Kg1 Qe7 17. Bh3 Na6 18. Re1 Ne3 19. Ne5 dxe5 20. Qxe3 e4 21.
Qf4 Be6 22. b3 Rad8 23. e3 Nb4 24. Bf1 c5 25. d5 Bc8 26. Rh2 Na6 27. Rf2 Nb8 28.
Bh3 Nd7 29. Bxf5 Ne5 30. Be6+ Kh8 31. Qxe5 Rxf2 32. Kxf2 Qf8+ 33. Qf4 Bxe6 34. dxe6 1-0

[Event "*** MasterClass Titled Tuesday Blitz"]
[Site "Chess.com"]
[Date "2017.10.03"]
[Round "6"]
[White "SCIM"]
[Black "TregubovP"]
[Result "1-0"]
[WhiteElo "2425"]
[BlackElo "2489"]
[TimeControl "180+2"]
[EndTime "14:23:28 PDT"]
[Termination "SCIM won by resignation"]

1. d4 Nf6 2. c4 c5 3. d5 b5 4.
cxb5 a6 5. bxa6 g6 6. Nc3 Bxa6 7. e4 Bxf1 8. Kxf1 d6 9. Nf3 Bg7 10. g3 O-O 11. Kg2 Nbd7 12. a4 Ra6 13. Qc2 Qa8 14. Nb5 Rc8 15. Bd2 Nb6 16. a5 Nbd7 17. Rhe1 Qb7 18. Na3 e6 19. dxe6 fxe6 20. Nc4 d5 21. exd5 exd5 22. Nce5 Nxe5 23. Nxe5 d4+ 24. Kg1 Qd5 25. Qc4 Qxc4 26. Nxc4 Nd5 27. Re4 Kf7 28. h4 Ne7 29. Rae1 Nf5 30. Bg5 h6 31. Bd2 Bf6 32. Kg2 Rcc6 33. Kh3 Nd6 34. Nxd6+ Rxd6 35. Ra1 c4 36. Bxh6 d3 37. Rxc4 Bxb2 38. Rf4+ Kg8 39. Re1 d2 40. Rd1 Rxa5 41. Rxd2 Rxd2 42. Rf8+ Kh7 43.
Bxd2 Bd4 44. Bxa5 1-0

[Event "*** MasterClass Titled Tuesday Blitz"]
[Site "Chess.com"]
[Date "2017.10.03"]
[Round "6"]
[White "chesstatour"]
[Black "GameOverBro"]
[Result "0-1"]
[WhiteElo "1834"]
[BlackElo "2300"]
[TimeControl "180+2"]
[EndTime "14:23:29 PDT"]
[Termination "GameOverBro won on time"]

1. c4 d6 2. Nc3 Nf6 3. e4 e5 4. Nf3 g6 5. d4 exd4 6. Nxd4 Bg7 7. Be2 O-O 8. O-O Re8 9. f3 Nc6 10. Be3 Nxd4 11. Bxd4 b6 12. Qd2 Bb7 13. b3 a5 14.
Rad1 Qe7 15. Qb2 Rad8 16. Rfe1 Nh5 17. Bxg7 Nxg7 18. Nd5 Bxd5 19. cxd5 Nh5 20. Rc1 Nf4 21. Bf1 f5 22. Bb5 Qg5 23. Bxe8 Nd3 24. Qc2 Nxe1 25. Rxe1 Rxe8 26. Qxc7 Qd2 27. Rf1 Qe3+ 28. Kh1 Qe2 29. Rg1 fxe4 30. fxe4 Qxe4 31. Qxd6 Re5 32. Qd8+ Kg7 33. Rf1 Kh6 34. Qf8+ Kh5 35. d6 Rg5 36.
Qf3+ Qxf3 37. gxf3 Rd5 38. Re1 Rxd6 39. Re2 Kg5 40. Kg2 h5 41. Rc2 Kf4 42. Kf2 g5 43.
Rc4+ Kf5 44. Rc2 h4 45. Re2 Rd3 46. Rc2 b5 47. Rc5+ Kf4 0-1

[Event "*** MasterClass Titled Tuesday Blitz"]
[Site "Chess.com"]
[Date "2017.10.03"]
[Round "6"]
[White "ruvat"]
[Black "bilelou"]
[Result "0-1"]
[WhiteElo "2301"]
[BlackElo "2417"]
[TimeControl "180+2"]
[EndTime "14:23:31 PDT"]
[Termination "bilelou won by resignation"]

1. d4 e6 2. c4 d5 3. Nf3 Nf6 4. g3 Bb4+ 5. Bd2 Be7 6. Bg2 O-O 7.
O-O Nbd7 8. Qc2 Ne4 9. Rd1 c6 10. b3 b5 11. Be1 bxc4 12. bxc4 Ba6 13. Nbd2 Nxd2 14. Nxd2 Nb6 15. c5 Nc4 16. Nxc4 Bxc4 17. e4 Qc8 18. Bc3 Qa6 19. Rd2 Rab8 20. h4 Rb7 21.
Re1 Rfb8 22. h5 h6 23. Kh2 Bd8 24. exd5 cxd5 25. f4 Ba5 26. f5 Bxc3 27. Qxc3 exf5 28. Re5 Qf6 29. Bxd5 Bxd5 30. Rxd5 Qg5 31. c6 Qxh5+ 32.
Kg2 Rb1 33. Kf2 Re8 34. Re5 Qh2+ 35. Ke3 Qxg3+ 0-1

[Event "*** MasterClass Titled Tuesday Blitz"]
[Site "Chess.com"]
[Date "2017.10.03"]
[Round "6"]
[White "SantoBlue"]
[Black "Bengalas"]
[Result "1-0"]
[WhiteElo "2562"]
[BlackElo "2527"]
[TimeControl "180+2"]
[EndTime "14:23:32 PDT"]
[Termination "SantoBlue won by resignation"]

1. Nf3 c5 2. g3 Nc6 3. c4 Nf6 4. Nc3 g6 5. Bg2 Bg7 6. O-O O-O 7. d3 d6 8. Bd2 a6 9. a3 Rb8 10. b4 cxb4 11. axb4 Nxb4 12. Nd4 Bd7 13. Qb3 Nc6 14. Nxc6 Bxc6 15. Bxc6 bxc6 16. Qa4 Qd7 17. Rfb1 Rxb1+ 18. Rxb1 Ra8 19. Rb6 Rc8 20. Qxa6 h5 21. Kg2 Ng4 22. h3 Nh6 23. Rb7 Rc7 24. Qa8+ Kh7 25.
Rxc7 Qxc7 26. Qe8 f6 27. Bxh6 Bxh6 28. Qf7+ Bg7 29. h4 Qd8 30. Qe6 Bf8 31. Ne4 Kg7 32. f3 Qc7 33. g4 hxg4 34. fxg4 Qb8 35. h5 gxh5 36. Ng3 Qe8 37. Nxh5+ Kh6 38. Qg8 Qg6 39. Qxf8+ Kg5 40. Qg7 Qxg7 41. Nxg7 Kxg4 42. Ne6 Kf5 43. Nd4+ 1-0

[Event "*** MasterClass Titled Tuesday Blitz"]
[Site "Chess.com"]
[Date "2017.10.03"]
[Round "6"]
[White "Kacparov"]
[Black "BillieKimbah"]
[Result "0-1"]
[WhiteElo "2612"]
[BlackElo "2705"]
[TimeControl "180+2"]
[EndTime "14:23:36 PDT"]
[Termination "BillieKimbah won by resignation"]

1. c4 Nf6 2. Nc3 e5 3. Nf3 Nc6 4. a3 d5 5. cxd5 Nxd5 6. Qc2 Nxc3 7. dxc3 Qf6 8. e4 Qg6 9. Be3 Bd6 10. Nh4 Qh5 11. Nf5 O-O 12. Be2 Qg6 13. Bf3 Ne7 14. g4 Qe6 15. h4 Bd7 16. h5 Nxf5 17. gxf5 Qf6 18. h6 g6 19. O-O-O Kh8 20. Qd2 Qe7 21. Bg5 f6 22. fxg6 hxg6 23. Be3 Kh7 24. Qe2 Be6 25. Rdg1 Rg8 26. Rg2 Rad8 27. Rhg1 Bc5 28. Bxc5 Qxc5 29.
Rd1 Bb3 30. Rxd8 Rxd8 31. Rg1 Bc4 32. Qe1 a5 33. Bd1 b5 34. Rg3 Bf7 35. Bc2 Qc4 36.
Rf3 Rd6 37. Re3 Qa2 38. Bb1 Qa1 39. Kc2 a4 40. c4 Bxc4 41. Qb4 Bb3+ 42. Rxb3 axb3+ 43. Qxb3 Rc6+ 44. Kd2 Qxb1 45. Qf7+ Kxh6 46. Qf8+ Kg5 0-1

[Event "*** MasterClass Titled Tuesday Blitz"]
[Site "Chess.com"]
[Date "2017.10.03"]
[Round "6"]
[White "AndrewMcStone"]
[Black "guilhermedeola"]
[Result "0-1"]
[WhiteElo "2066"]
[BlackElo "2074"]
[TimeControl "180+2"]
[EndTime "14:23:41 PDT"]
[Termination "guilhermedeola won on time"]

1. d4 g6 2. c4 Bg7 3. Nc3 e6 4.
e4 Ne7 5. Nge2 d5 6. Be3 O-O 7. Ng3 Nbc6 8. e5 dxc4 9. Bxc4 b6 10. Qd2 Bb7 11. a3 Na5 12. Ba2 Bxg2 13. Rg1 Bb7 14. O-O-O Qc8 15. Nge4 Bxe4 16. Nxe4 Nb7 17. Nf6+ Kh8 18. Bh6 c5 19. Kb1 cxd4 20. Rc1 Qd8 21. Bxg7+ Kxg7 22. Nh5+ Kh8 23. Qh6 Nf5 24. Qf4 gxh5 25.
Rg5 Rg8 26. Rcg1 Qc7 27. Rxg8+ Rxg8 28. Rxg8+ Kxg8 29. Qg5+ Kf8 30. Qxh5 Qxe5 31. Qxh7 d3 32. Bb3 d2 33. Ka2 Nd4 34. Qh6+ Ke8 35. Qxd2 Nxb3 36. Kxb3 Nc5+ 37. Kc2 Qxh2 0-1

[Event "*** MasterClass Titled Tuesday Blitz"]
[Site "Chess.com"]
[Date "2017.10.03"]
[Round "6"]
[White "gmcorrales"]
[Black "plouarzel"]
[Result "1-0"]
[WhiteElo "2651"]
[BlackElo "2475"]
[TimeControl "180+2"]
[EndTime "14:23:45 PDT"]
[Termination "gmcorrales won by checkmate"]

1. d4 d6 2. Bf4 Nf6 3. e3 g6 4.
Nf3 Bg7 5. h3 O-O 6. Be2 c5 7.
Nbd2 Nc6 8. c3 cxd4 9. cxd4 e5 10. dxe5 dxe5 11. Nxe5 Nd5 12. Nxc6 bxc6 13. Nc4 Nxf4 14.
exf4 Qc7 15. Qc1 Re8 16. Qd2 Ba6 17. O-O Rad8 18. Qc2 Qxf4 19. Rac1 Bxc4 20. Bxc4 Rd2 21. Qa4 Bd4 22. Qxc6 Bxf2+ 23. Kh1 Red8 24. Bb3 Qg3 25. Qf6 Rf8 26. Rc3 Rd3 27. Rxd3 Qxd3 28. Qxf2 h5 29. Bxf7+ Kg7 30. Qf6+ Kh6 31. Qf4+ Kg7 32. Rf3 Qd1+ 33. Kh2 Qd7 34. Qe5+ Kh6 35. Qe3+ Kg7 36. Qe5+ Kh6 37.
Be6 Qe7 38. Rxf8 Qxf8 39. h4 Qf2 40. Qh8# 1-0

[Event "*** MasterClass Titled Tuesday Blitz"]
[Site "Chess.com"]
[Date "2017.10.03"]
[Round "6"]
[White "SergeiAza"]
[Black "krzyzan94"]
[Result "1-0"]
[WhiteElo "2721"]
[BlackElo "2602"]
[TimeControl "180+2"]
[EndTime "14:23:47 PDT"]
[Termination "SergeiAza won by resignation"]

1. e4 c5 2. Nf3 e6 3. d4 cxd4 4. Nxd4 Nf6 5. Nc3 Nc6 6. Ndb5 d6 7. Bf4 e5 8. Bg5 a6 9. Na3 Be6 10. Nc4 Rb8 11. Ne3 Be7 12. Bxf6 Bxf6 13. Ncd5 Bg5 14. c3 O-O 15. Be2 Ne7 16. Nxe7+ Qxe7 17. Nd5 Qd8 18. Bc4 Kh8 19. O-O f5 20. exf5 Bxf5 21. Qe2 Qe8 22. Rad1 Qg6 23. Ne3 Bxe3 24. Qxe3 Rf6 25.
Bd5 Qh5 26. Rd2 Rbf8 27. Bxb7 Rh6 28. h3 g5 29. Rfd1 Rff6 30. Rxd6 Kg7 31. Qxe5 Bxh3 32. gxh3 Qxh3 33. Rd7+ Kg6 34. Bg2 Qg4 35. R1d6 Qf4 36. Rxf6+ Qxf6 37. Rd6 1-0

[Event "*** MasterClass Titled Tuesday Blitz"]
[Site "Chess.com"]
[Date "2017.10.03"]
[Round "6"]
[White "pandamaster3000"]
[Black "WanderingPuppet"]
[Result "0-1"]
[WhiteElo "2164"]
[BlackElo "2326"]
[TimeControl "180+2"]
[EndTime "14:23:47 PDT"]
[Termination "WanderingPuppet won by checkmate"]

1. e4 c5 2. Nf3 d6 3. Bb5+ Nd7 4. d4 Nf6 5. O-O cxd4 6. Qxd4 e5 7. Qd3 h6 8. c4 Be7 9. Nc3 O-O 10. Bxd7 Bxd7 11. b3 Rc8 12. Rd1 a6 13. Be3 Bg4 14. Bd2 Qc7 15. h3 Bh5 16. Rac1 Rfd8 17. Nd5 Nxd5 18.
cxd5 Qd7 19. Rxc8 Rxc8 20. Rc1 Bd8 21. Rxc8 Qxc8 22. Qc3 Qd7 23. Qd3 Bb6 24. Bb4 Kh7 25.
Nd2 Bg6 26. Nc4 Bc7 27. Ne3 b5 28. Kh2 Bb6 29. f3 Qd8 30. a4 Ba7 31. Nd1 Qb6 32.
axb5 Qg1+ 33. Kg3 axb5 34. Bc3 h5 35. Qd2 Bb6 36. Nf2 h4+ 37. Kxh4 Bxf2+ 38. Kg4 Qxg2# 0-1

[Event "*** MasterClass Titled Tuesday Blitz"]
[Site "Chess.com"]
[Date "2017.10.03"]
[Round "6"]
[White "Sven_Tica"]
[Black "VladimirBelous"]
[Result "0-1"]
[WhiteElo "2437"]
[BlackElo "2652"]
[TimeControl "180+2"]
[EndTime "14:23:52 PDT"]
[Termination "VladimirBelous won by resignation"]

1. d4 Nf6 2. c4 c5 3. d5 b5 4.
cxb5 a6 5. bxa6 Bxa6 6. Nc3 g6 7.
e4 Bxf1 8. Kxf1 Bg7 9. Nf3 O-O 10.
g3 d6 11. Kg2 Nbd7 12. Re1 Ng4 13. Nd2 Nge5 14. Qe2 Nb6 15. a4 c4 16. a5 Nbd7 17. Nxc4 Nxc4 18. Qxc4 Rxa5 19. Rxa5 Qxa5 20. Be3 Rb8 21.
Bd4 Bxd4 22. Qxd4 Rxb2 23. Rb1 Rc2 24. Nd1 Ne5 25. Rb8+ Kg7 26. Ne3 Rd2 27. Qb6 Qxb6 28. Rxb6 Nd3 29. Rb7 Rxf2+ 30. Kg1 Re2 31. Ng4 Rxe4 32. h3 h5 33. Nh2 Nb4 34. Rb5 Na2 35. Nf3 Nc3 36. Ra5 Re3 37. Kg2 Rd3 38. Ra3 Re3 39. Ra5 Re2+ 40. Kf1 Rb2 41. Ra7 Nxd5 42.
Nd4 Kf6 43. Kg1 e5 44. Nf3 e4 45. Nd4 Rd2 46. Nb5 e3 47. Nxd6 Rd1+ 48. Kg2 e2 49.
Ne4+ Ke5 0-1

[Event "*** MasterClass Titled Tuesday Blitz"]
[Site "Chess.com"]
[Date "2017.10.03"]
[Round "6"]
[White "Zufi1811"]
[Black "Fandorine"]
[Result "1-0"]
[WhiteElo "2438"]
[BlackElo "2623"]
[TimeControl "180+2"]
[EndTime "14:23:52 PDT"]
[Termination "Zufi1811 won by resignation"]

1. e4 c5 2. Nf3 e6 3. d4 cxd4 4. Nxd4 Nc6 5. Nc3 Qc7 6. f4 Nxd4 7. Qxd4 a6 8. Be3 b5 9. O-O-O Bb7 10. a3 Rc8 11. Bd3 Nf6 12. h3 Bxa3 13. Nxb5 Bxb2+ 14. Kxb2 axb5 15. Qb4 d5 16. e5 Nd7 17. Ra1 g5 18. Ra7 gxf4 19. Bd4 Rg8 20. Qxb5 Rb8 21. Rb1 Bc6 22. Rxc7 Bxb5 23. Kc1 Bxd3 24. Rxb8+ Nxb8 25. Rc8+ Kd7 26. Rxg8 Nc6 27. cxd3 Nxd4 28. Rg7 Ke7 29. Rxh7 Nc6 30. Rh5 Kf8 31. Rg5 f6 32. exf6 Kf7 33.
h4 Kxf6 34. Rg8 Ne7 35. Rf8+ Kg6 36. Rxf4 Nf5 37. g3 e5 38. Rg4+ Kf6 39. Rg5 e4 40. dxe4 dxe4 41. Kd2 1-0

[Event "*** MasterClass Titled Tuesday Blitz"]
[Site "Chess.com"]
[Date "2017.10.03"]
[Round "6"]
[White "DrVelja"]
[Black "biostatistician"]
[Result "1-0"]
[WhiteElo "2503"]
[BlackElo "2398"]
[TimeControl "180+2"]
[EndTime "14:23:56 PDT"]
[Termination "DrVelja won by resignation"]

1. e4 e6 2. d4 d5 3. Nc3 Nf6 4.
e5 Nfd7 5. f4 c5 6. Nf3 Nc6 7. Be3 a6 8. Qd2 b5 9. Bd3 b4 10. Na4 c4 11. Be2 a5 12. O-O Ba6 13. b3 Bb5 14. Ng5 g6 15. f5 exf5 16. e6 fxe6 17.
Nxe6 Qc8 18. Rxf5 gxf5 19. Bh5+ Ke7 20. Bg5+ Nf6 21. Re1 Qxe6 22. Rxe6+ Kxe6 23. Nb6 Rb8 24. Bxf6 Kxf6 25. Nxd5+ Ke6 26. Nf4+ Kd7 27. Qe3 Kc7 28. Qe6 Kb7 29. Qd7+ Ka6 30. Nd5 Nxd4 31. Nc7+ Kb6 32. Nd5+ Ka6 33. Nc7+ Kb6 34. Nd5+ Kc5 35. Qc7+ Kxd5 36.
Qxb8 cxb3 37. axb3 Ne2+ 38. Kh1 Bg7 39. Qxb5+ Ke4 40.
Qxe2+ 1-0

[Event "*** MasterClass Titled Tuesday Blitz"]
[Site "Chess.com"]
[Date "2017.10.03"]
[Round "6"]
[White "XeresLt"]
[Black "Dhaydon19"]
[Result "0-1"]
[WhiteElo "2261"]
[BlackElo "2458"]
[TimeControl "180+2"]
[EndTime "14:24:05 PDT"]
[Termination "Dhaydon19 won by resignation"]

1. e4 c5 2. Nf3 d6 3. d4 cxd4 4. Nxd4 g6 5. Nc3 Bg7 6. Be3 Nf6 7. Bc4 Nc6 8. f3 Bd7 9. Qd2 Rc8 10. Bb3 Na5 11.
h4 h5 12. O-O-O Nc4 13. Bxc4 Rxc4 14. Nb3 a6 15. Kb1 Qc7 16. Bg5 Be6 17. Rhe1 O-O 18. Nd4 Qc8 19. Nxe6 Qxe6 20. Nd5 Rfc8 21. c3 Nxd5 22.
exd5 Qf5+ 23. Qd3 Qxd3+ 24. Rxd3 Be5 25. Bxe7 f6 26. Rxe5 fxe5 27. Bxd6 e4 28. fxe4 Rxe4 29. Bg3 Rd8 30. Rd2 Rg4 31. Bc7 Rd7 32. d6 Rxh4 33.
Kc2 Rg4 34. b3 g5 35. c4 h4 36. Kc3 Rf4 37. c5 g4 38. Rd5 Kg7 39. Rh5 g3 40. b4 Kg6 41. Rh8 Rh7 42. Rg8+ Rg7 43. Re8 Rf2 44.
a4 Rxg2 45. b5 axb5 46. axb5 h3 47. c6 bxc6 48. bxc6 h2 49. d7 h1=Q 50. Re6+ Kh5 51.
Re5+ Kg4 52. d8=Q Qc1+ 53. Kb4 Rb2+ 0-1

[Event "*** MasterClass Titled Tuesday Blitz"]
[Site "Chess.com"]
[Date "2017.10.03"]
[Round "6"]
[White "Alexander_Moskalenko"]
[Black "Angry_Serb"]
[Result "1-0"]
[WhiteElo "2629"]
[BlackElo "2394"]
[TimeControl "180+2"]
[EndTime "14:24:10 PDT"]
[Termination "Alexander_Moskalenko won on time"]

1. e4 e5 2. Nf3 Nc6 3. Bb5 a6 4. Ba4 Nf6 5. d3 b5 6. Bb3 Bc5 7. O-O O-O 8. Nc3 h6 9. a3 d6 10. h3 Rb8 11. Ne2 Bb6 12. Ng3 Ne7 13. c3 Ng6 14. d4 c5 15. Re1 Re8 16. dxe5 dxe5 17. Nf5 c4 18. Bc2 Qxd1 19. Rxd1 Bxf5 20. exf5 Nf4 21.
Kf1 Nd3 22. Bxd3 cxd3 23. Nxe5 Rxe5 24. Bf4 Rbe8 25. Bxe5 Rxe5 26. Rxd3 Rxf5 27. Rf3 Rd5 28. Ke2 Ne4 29. Rd1 Rxd1 30. Kxd1 Nxf2+ 31. Ke2 Ne4 32.
Rd3 Kf8 33. Rd7 Nc5 34. Rd6 Na4 35. b3 Nxc3+ 36. Kd3 Bc5 37. Rc6 Bxa3 38. Kxc3 a5 39. Rb6 Bb4+ 40. Kd3 1-0

[Event "*** MasterClass Titled Tuesday Blitz"]
[Site "Chess.com"]
[Date "2017.10.03"]
[Round "6"]
[White "NateSolon"]
[Black "Kirill_Klukin"]
[Result "0-1"]
[WhiteElo "2321"]
[BlackElo "2491"]
[TimeControl "180+2"]
[EndTime "14:24:16 PDT"]
[Termination "Kirill_Klukin won by resignation"]

1. d4 Nf6 2. Bf4 g6 3. Nc3 d5 4.
e3 Bg7 5. h4 c6 6. Be2 h5 7. Nf3 Bg4 8. Ne5 Bxe2 9. Qxe2 Nbd7 10. O-O-O Qa5 11. f3 Nxe5 12. Bxe5 b5 13. e4 b4 14. Nb1 Bh6+ 15. f4 Nxe4 16. Nd2 Nxd2 17. Kxd2 O-O 18. Qd3 b3+ 19. c3 Qxa2 20. Rb1 Qa4 21.
g4 Qb5 22. Qxb5 cxb5 23. g5 Bg7 24. Rhe1 Bxe5 25. Rxe5 e6 26. Ra1 a5 27. Ra3 a4 28.
Re1 Rfc8 29. Kd3 Rc4 30. Re2 Rac8 31. Re1 Kf8 32. Re2 Ke7 33. Re1 Kd6 34. Re2 Ra8 35.
Ra1 Rac8 36. Rf2 Kc6 37. Re2 Kb6 38. Rf2 Ka5 39. Re2 b4 40. cxb4+ Rxb4 41. f5 Rcc4 42. fxe6 Rxd4+ 43. Ke3 Re4+ 44. Kf3 fxe6 45. Rxe4 Rxe4 46. Rc1 Rxh4 47. Rc6 Re4 0-1